 Dungeon Crawl Stone Soup version 0.21.1 (webtiles) character file.

1603 letownia2 the Fighter (level 9, -2/79 HPs)
             Began as a Formicid Artificer on Feb 3, 2018.
             Was an Initiate of Gozag.
             Slain by a howler monkey (6 damage)
             ... on level 5 of the Dungeon.
             The game lasted 00:13:11 (6086 turns).

letownia2 the Fighter (Formicid Artificer)          Turns: 6086, Time: 00:13:12

Health: -2/79      AC:  8    Str: 17    XL:     9   Next: 16%
Magic:  11/11      EV: 11    Int: 19    God:    Gozag
Gold:   868        SH:  0    Dex: 11    Spells: 8/8 levels left

rFire    + . .     SeeInvis +   a - +0 flail (crush)
rCold    . . .     Gourm    .   (no shield)
rNeg     . . .     Faith    .   l - +0 ring mail
rPois    .         Spirit   .   (helmet unavailable)
rElec    .         Reflect  .   (no cloak)
rCorr    .         Harm     .   u - +2 pair of gloves
MR       .....                  (no boots)
Stlth    +.........             (no amulet)
HPRegen  0.23/turn              x - ring of protection from fire
MPRegen  0.12/turn              (no ring)

@: brilliant, gold aura
A: permanent stasis, dig shafts and tunnels, four strong arms, antennae 3
a: Dig, Shaft Self, Potion Petition, Call Merchant, Bribe Branch, Renounce
Religion


You were on level 5 of the Dungeon.
You worshipped Gozag.
Gozag was pleased with you.
You were not hungry.

You visited 1 branch of the dungeon, and saw 6 of its levels.
You also visited: Sewer.

You collected 959 gold pieces.
You paid 91 gold pieces to Gozag.

Inventory:

Hand Weapons
 a - a +0 flail of crushing (weapon)
 n - a +0 short sword
 y - a +0 club
Missiles
 i - 55 sling bullets
 t - 4 tomahawks (quivered)
 w - 36 bolts
Armour
 l - a +0 ring mail (worn)
 o - a +0 chain mail
 u - a +2 pair of gloves (worn)
Jewellery
 x - a ring of protection from fire (left hand)
Wands
 c - a wand of flame (3)
 d - a wand of enslavement (15)
 e - a wand of random effects (18)
Scrolls
 b - 3 scrolls of blinking {unknown}
 j - 4 scrolls of teleportation {unknown}
 p - a scroll of immolation {unknown}
 q - 4 scrolls of remove curse {unknown}
 r - 2 scrolls of magic mapping {unknown}
 s - 5 scrolls of identify {unknown}
 v - 2 scrolls of enchant armour {unknown}
 E - 2 scrolls of noise {unknown}
 F - a scroll of enchant weapon {unknown}
 G - a scroll of fog {unknown}
 J - a scroll of fear {unknown}
Potions
 g - a potion of agility {unknown}
 h - a potion of berserk rage {unknown}
 k - a potion of flight {unknown}
 m - a potion of degeneration {unknown}
 z - a potion of invisibility {unknown}
 A - a potion of resistance {unknown}
 B - a potion of magic
 C - a potion of lignification {unknown}
 D - a potion of brilliance
 H - a potion of curing
 I - a potion of might {unknown}
 K - a potion of cancellation {unknown}
Comestibles
 f - 4 rations


   Skills:
 + Level 10.4 Fighting
 - Level 1.0 Short Blades
 + Level 2.5 Armour
 + Level 2.5 Dodging
 - Level 1.2 Stealth
 - Level 3.7 Unarmed Combat
 - Level 3.2 Evocations


You had 8 spell levels left.
You didn't know any spells.

Dungeon Overview and Level Annotations

Branches:
Dungeon (6/15)
 Temple: D:4-7

Altars:
Fedhas
Gozag
Kikubaaqudgha
Makhleb

Shops:
D:4 *


Innate Abilities, Weirdness & Mutations

You cannot be hasted, slowed, berserked, paralysed or teleported.
You can dig through walls and to a lower floor.
Your four strong arms can wield two-handed weapons with a shield.
You have a pair of large antennae on your head. (SInv)


Message History

You hit the bullfrog.
The bullfrog is almost dead.
The bullfrog barely misses you.
The howler monkey hoots and howls with incredible vigour!
The bullfrog barely misses you.
Unknown command.
You hit the bullfrog.
You kill the bullfrog!
The howler monkey hits you but does no damage.
Unknown command.
You sock the howler monkey!
The howler monkey is heavily wounded.
The howler monkey hits you.
* * * LOW HITPOINT WARNING * * *
Unknown command.
You barely miss the howler monkey.
The howler monkey is heavily wounded.
The howler monkey hits you.
You die...
Your body crumbles into a pile of gold.

.# ##...#### .# ##....# ###
.####.....######.#
..#........##....#
...##.........#.####
..###....#.....###.#
...#...###..#..##..#
......####.#####..## #.....###..#
#@## ### .....###...# ##h## ##.##
## ......##...# #...####...# #.
...........# #.#.#..#...# #.
##.#####...#####.......#.## ##
...# ##............#...# ##. ...#
##.................## ##..
...####.........#.........####...
.##.............#...............#


You could see a howler monkey.

Vanquished Creatures
  Prince Ribbit (D:5)
  Grinder (D:3)
  An orc warrior (D:5)
  4 ogres
  A centaur (D:5)
  A bullfrog (D:5)
  2 howler monkeys
  A crimson imp (D:5)
  3 hounds
  A bullfrog skeleton (D:5)
  4 orc wizards
  Ijyb (D:5)
  3 worker ants
  A worker ant zombie (D:5)
  A howler monkey skeleton (D:5)
  9 adders
  A river rat (D:5)
  An ooze (D:3)
  3 worms
  A dart slug (D:1)
  A leopard gecko (D:4)
  11 orcs
  8 ball pythons
  2 giant cockroaches
  8 goblins
  7 hobgoblins
  19 jackals
  A quokka (D:4)
  8 bats
  4 frilled lizards
  12 kobolds
  A leopard gecko skeleton (D:4)
  A quokka skeleton (D:4)
  6 rats
  4 plants (Sewer)
134 creatures vanquished.

Vanquished Creatures (others)
  A jackal (D:4)
1 creature vanquished.

Grand Total: 135 creatures vanquished

Notes
Turn   | Place    | Note
-------+----------+-------------------------------------------
     0 | D:1      | letownia2 the Formicid Artificer began the quest for the Orb.
     0 | D:1      | Reached XP level 1. HP: 15/15 MP: 3/3
   112 | D:1      | Reached skill level 2 in Fighting
   125 | D:2      | Reached XP level 2. HP: 12/23 MP: 4/4
   463 | D:2      | Noticed a howler monkey
   484 | D:2      | You fall through a shaft!
   514 | D:3      | Reached skill level 3 in Fighting
   514 | D:3      | Reached XP level 3. HP: 15/29 MP: 5/5
   516 | D:3      | Reached XP level 4. HP: 19/37 MP: 6/6
   525 | D:3      | Reached skill level 4 in Fighting
   830 | D:3      | Noticed an ogre
   845 | D:3      | Killed an ogre
   845 | D:3      | Reached skill level 5 in Fighting
   845 | D:3      | Reached XP level 5. HP: 44/44 MP: 7/7
   975 | D:4      | Found an opulent altar of Gozag.
   975 | D:4      | Found Gozag's Platinum Reserve.
   994 | D:4      | Became a worshipper of Gozag Ym Sagoz the Greedy
  1069 | D:4      | Reached skill level 6 in Fighting
  1069 | D:4      | Reached XP level 6. HP: 47/52 MP: 8/8
  1074 | D:4      | Noticed an ogre
  1344 | D:3      | Noticed Grinder
  1612 | D:2      | Reached skill level 1 in Armour
  1612 | D:2      | Reached skill level 1 in Unarmed Combat
  1937 | D:2      | Found a blossoming altar of Fedhas.
  3369 | D:3      | Killed Grinder
  3369 | D:3      | Reached XP level 7. HP: 51/59 MP: 9/9
  3413 | D:4      | Reached skill level 7 in Fighting
  3502 | D:4      | Reached XP level 8. HP: 45/68 MP: 10/10
  3544 | D:4      | Found an ancient bone altar of Kikubaaqudgha.
  4025 | D:5      | Entered Level 5 of the Dungeon
  4084 | D:5      | Reached skill level 8 in Fighting
  4165 | D:5      | Found a glowing drain.
  4193 | Sewer    | Entered a sewer
  4786 | D:5      | Noticed Ijyb
  4802 | D:5      | Killed Ijyb
  4825 | D:5      | Reached skill level 9 in Fighting
  5014 | D:5      | Noticed Prince Ribbit
  5032 | D:5      | Killed Prince Ribbit
  5344 | D:5      | Found a burning altar of Makhleb.
  5350 | D:5      | Reached skill level 10 in Fighting
  5941 | D:6      | Reached XP level 9. HP: 69/78 MP: 11/11
  6081 | D:5      | HP: 2/79 [bullfrog (4)]
  6086 | D:5      | Slain by a howler monkey

Skill      XL: |  1  2  3  4  5  6  7  8  9 |
---------------+----------------------------+-----
Fighting       | 2 3 5 6 7 10 | 10.4
Armour         | 1 2 |  2.5
Unarmed Combat | 3 |  3.7
Dodging        | 2 |  2.5
Short Blades   | |  1.0
Stealth        | |  1.2
Evocations     | |  3.2

Action                   |  1- 3 |  4- 6 |  7- 9 || total
-------------------------+-------+-------+-------++-------
Melee: Short sword       |    40 |    13 |       ||    53
       Flail             |       |   159 |   372 ||   531
       Unarmed           |       |    23 |       ||    23
       Punch             |       |       |     6 ||     6
Throw: Tomahawk          |       |       |     5 ||     5
 Abil: Dig               |     1 |       |     3 ||     4
       Shaft Self        |     1 |       |       ||     1
Evoke: Wand              |     6 |    12 |    18 ||    36
  Use: Potion            |       |       |     3 ||     3
 Stab: Distracted        |       |     1 |     2 ||     3
       Confused          |       |       |     1 ||     1
  Eat: Chunk             |       |     2 |     2 ||     4
       Ration            |       |     2 |     3 ||     5
Armor: Leather armour    |     1 |       |       ||     1
       Ring mail         |     7 |    66 |   167 ||   240
       Skin              |       |     1 |       ||     1
Dodge: Dodged            |    31 |   146 |   268 ||   445
